 Dungeon Crawl Stone Soup version 0.18.1-50-g88ac8fd (webtiles) character file.

122 Peloso the Shield-Bearer (level 5, 0/33 HPs)
             Began as a Gargoyle Fighter on Oct 20, 2016.
             Slain by an ogre
             ... wielding a cursed -2 giant spiked club
              (24 damage)
             ... on level 3 of the Dungeon on Oct 21, 2016.
             The game lasted 00:05:41 (1779 turns).

Peloso the Shield-Bearer (Gargoyle Fighter)         Turns: 1779, Time: 00:05:42

Health: 0/33       AC: 16    Str: 20    XL:     5   Next: 6%
Magic:  5/5        EV:  4    Int:  8    God:
Gold:   121        SH:  9    Dex: 10    Spells: 0 memorised, 4 levels left

rFire  . . .     SeeInvis .     a - +0 long sword
rCold  . . .     Gourm    .     r - +0 plate armour (curse)
rNeg   + . .     Faith    .     c - +0 shield
rPois  ∞         Spirit   .     q - +0 helmet
rElec  +         Dismiss  .     (no cloak)
rCorr  .         Reflect  .     (no gloves)
SustAt .         Harm     .     (no boots)
MR     .....                    (no amulet)
Stlth  ..........               (no ring)
                                g - ring of stealth

@: not resistant to hostile enchantments, extremely unstealthy
A: negative energy resistance 1, electricity resistance, unbreathing,
petrification resistance, rot immunity, AC +4
a: no special abilities


You were on level 3 of the Dungeon.
You were very hungry.

You visited 1 branch of the dungeon, and saw 4 of its levels.

You collected 121 gold pieces.

Inventory:

Hand Weapons
 a - a +0 long sword (weapon)
Armour
 b - a +0 scale mail
 c - a +0 shield (worn)
 q - a +0 helmet (worn)
 r - a cursed +0 plate armour (worn)
Jewellery
 g - a ring of stealth (left hand)
 v - a +1 ring of slaying {unknown}
Scrolls
 n - 2 scrolls of teleportation {unknown}
 o - a scroll of random uselessness {unknown}
 p - 5 scrolls of identify {unknown}
 w - 3 scrolls of remove curse {unknown}
Potions
 d - a potion of might
 e - a potion of resistance {unknown}
 k - a potion of cancellation {unknown}
 l - a potion of heal wounds {unknown}
 m - a potion of degeneration {unknown}
 s - a potion of lignification {unknown}
 t - a potion of flight {unknown}
 u - 2 potions of curing {unknown}
 x - a potion of ambrosia {unknown}
Comestibles
 f - 4 bread rations
 h - 2 meat rations
 i - 2 fruits
 j - a slice of pizza


   Skills:
 + Level 3.9 Fighting
 + Level 2.5 Long Blades
 + Level 3.7 Armour
 + Level 1.2 Dodging
 + Level 0.5 Stealth
 + Level 4.3 Shields


You had 4 spell levels left.
You didn't know any spells.

Dungeon Overview and Level Annotations

Branches:
Dungeon (4/15)
 Temple: D:4-7

Altars:
Cheibriados
Sif Muna
Trog


Innate Abilities, Weirdness & Mutations

You are resistant to torment.
Your stone body is resilient (AC +4).
You are immune to poison.
You resist negative energy.
You are resistant to electric shocks.
You can survive without breathing.
You are immune to petrification.
You are immune to rotting.


Message History

A quokka and an ogre come into view.
You are feeling very hungry.
Found 6 gold pieces.
Found a stone staircase leading up.
There is a stone staircase leading up here.
The ogre hits you but does no damage.
You climb upwards.
There is a stone staircase leading down here.
Your shield prevents you from hitting the ogre.
You block the ogre's attack.
You slash the ogre!
The ogre is moderately wounded.
You block the ogre's attack.
Your plate armour prevents you from hitting the ogre.
The ogre is moderately wounded.
The ogre hits you with a giant spiked club!
You slash the ogre!
The ogre is severely wounded.
The ogre hits you with a giant spiked club!!
Ouch! That really hurt!
You die...

#.#...# #.#...#.# #... # #.#####
#.#...#.# #.## #######.#
#.......# #.#. #.......#####
#......## #.#.
#.#######...####.##.#.########.#.
..# #...................##... ###
#...####.##.#(#####...... # ##.##
#.#....# #.####. # #.# #@O....#
#....#. # #.# ###...## #.##.##
#.# ##.## #.##### ####.#### #.#
#...### #.......# ###.### #####≈≈
#.##.##.# #.....# #≈≈≈ #.......#
#.....# #≈≈. #..#.##.# #.....#
#≈≈. #..#.##.# #.)...########≈≈.


You could see an ogre.

Vanquished Creatures
  Terence (D:2)
  Natasha (D:2)
  3 adders
  A worm (D:3)
  A dart slug (D:1)
  3 orcs (D:3)
  A ball python (D:3)
  5 bats
  4 giant cockroaches
  4 goblins
  2 hobgoblins (D:1)
  4 kobolds
  2 quokkas (D:2)
  A giant newt (D:2)
  6 rats
39 creatures vanquished.

Notes
Turn   | Place    | Note
--------------------------------------------------------------
     0 | D:1      | Peloso the Gargoyle Fighter began the quest for the Orb.
     0 | D:1      | Reached XP level 1. HP: 14/14 MP: 1/1
   129 | D:1      | Reached XP level 2. HP: 18/19 MP: 2/2
   347 | D:1      | Found a snail-covered altar of Cheibriados.
   797 | D:2      | Noticed Terence
   806 | D:2      | Killed Terence
   806 | D:2      | Reached XP level 3. HP: 23/23 MP: 3/3
   851 | D:2      | Noticed Natasha
   858 | D:2      | Killed Natasha
   858 | D:2      | Reached skill level 1 in Dodging
   858 | D:2      | Reached skill level 4 in Shields
   858 | D:2      | Reached XP level 4. HP: 19/29 MP: 4/4
  1177 | D:3      | Found a bloodstained altar of Trog.
  1306 | D:3      | Found a deep blue altar of Sif Muna.
  1374 | D:3      | Found a faded altar to an unknown god.
  1556 | D:3      | Reached XP level 5. HP: 33/33 MP: 5/5
  1769 | D:4      | Noticed an ogre
  1779 | D:3      | Slain by an ogre

Skill      XL: |  1  2  3 |
---------------+----------+-----
Long Blades    | 2 |  2.5
Dodging        | 1 |  1.2
Shields        | 4 |  4.3
Fighting       | |  3.9
Armour         | |  3.7
Stealth        | |  0.5

Action                   |  1- 3 |  4- 6 || total
-------------------------+-------+-------++-------
Melee: Long sword        |    55 |    97 ||   152
  Eat: Chunk             |       |     2 ||     2
Armor: Scale mail        |    48 |    21 ||    69
       Plate armour      |       |    68 ||    68
Dodge: Dodged            |    28 |    26 ||    54
Block: Shield            |    46 |    67 ||   113
